 Dungeon Crawl Stone Soup version 0.29-a0-582-ge82337ba6a (webtiles) character file.

Game seed: 10518522710526014747

55 shadowstone the Conjurer (level 3, -2/20 HPs)
             Began as a Tengu Conjurer on June 15, 2022.
             Slain by an iguana (5 damage)
             ... on level 4 of the Dungeon.
             The game lasted 00:08:06 (2150 turns).

shadowstone the Conjurer (Tengu Conjurer)           Turns: 2150, Time: 00:08:07

Health: -2/20      AC:  3    Str:  7    XL:     3   Next: 93%
Magic:  7/7        EV: 11    Int: 20    God:
Gold:   106        SH:  0    Dex: 12    Spells: 2/6 levels left

rFire   . . .      SeeInvis .   c - +0 long sword
rCold   . . .      Faith    .   (no shield)
rNeg    . . .      Spirit   .   f - +0 leather armour
rPois   .          Reflect  .   (helmet restricted)
rElec   .          Harm     .   (no cloak)
rCorr   .          Rampage  .   (no gloves)
Will    .....                   (boots unavailable)
Stlth   ++........              (no amulet)
HPRegen 0.06/turn               (no ring)
MPRegen 0.10/turn               (no ring)

@: no status effects
A: beak, talons 3
a: no special abilities


You were on level 4 of the Dungeon.
You visited 1 branch of the dungeon, and saw 4 of its levels.

You collected 106 gold pieces.

Inventory:

Hand Weapons
 c - a +0 long sword (weapon)
Armour
 a - a +0 robe
 f - a +0 leather armour (worn)
Scrolls
 e - a scroll of fear
 g - 2 scrolls of poison
Potions
 b - a potion of magic
 d - a potion of lignification {unknown}
 i - a potion of brilliance {unknown}


   Skills:
 + Level 0.4 Fighting
 + Level 0.9 Long Blades
 + Level 2.6 Dodging
 + Level 2.2 Stealth
 + Level 2.2 Spellcasting
 + Level 6.3 Conjurations


You had 2 spell levels left.
You knew the following spells:

 Your Spells              Type           Power      Damage    Failure   Level
a - Magic Dart            Conj           100%       1d8       1%          1
b - Dazzling Flash        Conj/Hex       28%        N/A       19%         3

Your spell library contained the following spells:

 Spells                   Type           Power      Damage    Failure   Level
 Searing Ray              Conj           54%        2d6       2%          2
 Fulminant Prism          Conj/Hex       7%         3d7       54%         4
 Iskenderun's Mystic Bla  Conj/Tloc      14%        2d5       54%         4
 Frozen Ramparts          Ice            4%         1d2       56%         3
 Ice Form                 Ice/Tmut       2%         N/A       93%         4
 Summon Ice Beast         Ice/Summ       2%         N/A       93%         4


Dungeon Overview and Level Annotations

Branches:
Dungeon (4/15)
 Temple: D:4-7

Altars:


Innate Abilities, Weirdness & Mutations

You have a beak for a mouth.
You have claws for feet.


Message History

You kill the goblin!
Items here: ( )) †.
Nothing quivered!
Okay, then.
There are monsters nearby!
Items here: ( )) †.
Really walk into that cloud of poison gas? [Y]es or [N]o only, please.
Really walk into that cloud of poison gas? [Y]es or [N]o only, please.
Really walk into that cloud of poison gas?
Okay, then.
As you read the scroll labelled NUIKUE EHUT YCK, it crumbles to dust.
You feel strangely unstable.
It was a scroll of teleportation.
Items here: ( )) †.
Items here: ( )) †.
Your surroundings suddenly seem different.
There is a stone staircase leading down here.
You climb downwards.
There is a stone staircase leading up here.
Found 14 gold pieces.
Found 14 gold pieces.
You now have 106 gold pieces (gained 14).
An iguana comes into view.
The iguana barely misses you.
You barely miss the iguana. Your kick misses the iguana.
The iguana closely misses you.
You hit the iguana but do no damage. You claw the iguana, but do no damage.
The iguana closely misses you.
You hit the iguana but do no damage. You claw the iguana, but do no damage.
The iguana bites you. The iguana closely misses you.
You slash the iguana!
The iguana is heavily wounded.
The iguana bites you!
Ouch! That really hurt!
* * * LOW HITPOINT WARNING * * *
You closely miss the iguana. Your peck misses the iguana.
The iguana is heavily wounded.
The iguana bites you.
You die...

#########.##
#.....@l...#
#.#######..#
#.# #
###.#######
#.#.#.#.#.#
#.#.#.#.#.#
#.#.#.#.#.#
#.#.#.#.#.#
#.#.#.#.#<#.#


You could see an iguana.

Vanquished Creatures
  2 adders (D:2)
  3 ball pythons
  2 endoplasms
  2 giant cockroaches
  9 goblins
  4 hobgoblins
  2 quokkas
  4 bats
  A frilled lizard (D:1)
  3 kobolds
32 creatures vanquished.

Notes
Turn   | Place    | Note
-------+----------+-------------------------------------------
     0 | D:1      | shadowstone the Tengu Conjurer began the quest for the Orb.
     0 | D:1      | Reached XP level 1. HP: 10/10 MP: 4/4
   470 | D:1      | Reached XP level 2. HP: 12/15 MP: 4/6
   595 | D:1      | Reached skill level 6 in Conjurations
   664 | D:2      | Reached XP level 3. HP: 15/19 MP: 7/7
  1393 | D:2      | Learned a level 3 spell: Dazzling Flash
  2150 | D:4      | Slain by an iguana

Illustrated notes

Levels and vault maps discovered:
D:1:      psy_arrival_basics, layout_loops_ring
D:2:      layout_loops_corners, ebering_ecumenical_altar_sacrificial,
          uniq_sigmund, uniq_crazy_yiuf_cottage
D:3:      layout_loops_ring, minivault_25, grunt_decor_mini_mirrors,
          hangedman_glass_teeth, minmay_misc_feat_tower, minmay_goblin_outpost
D:4:      layout_basic, grunt_temple_overflow_open, uniq_duvessa

Skill      XL: |  1  2 |
---------------+-------+-----
Conjurations   | 6 |  6.3
Fighting       | |  0.4
Long Blades    | |  0.9
Dodging        | |  2.6
Stealth        | |  2.2
Spellcasting   | |  2.2

Action                   || total
-------------------------++-------
Melee: Long sword        ||    54
       Kick              ||     7
       Punch             ||     1
       Peck              ||     6
Throw: Dart              ||     8
 Cast: Magic Dart        ||    20
  Use: Scroll            ||     3
Armor: Robe              ||    15
       Leather armour    ||    12
Dodge: Dodged            ||    87

Table legend: (Time is in decaauts)
 A = Elapsed time spent in this place.
 B = Non-inter-level travel time spent in this place.
 C = Inter-level travel time spent in this place.
 D = Time resting spent in this place.
 E = Time spent auto-exploring this place.
 F = Levels seen in this place.
 G = Mean time per level.
                   A        B        C        D        E       F      G
               +--------+--------+--------+--------+--------+-----+--------+
         Total |   2169 |   2136 |     33 |    963 |      0 |   4 |  542.2 |
       Dungeon |   2169 |   2136 |     33 |    963 |      0 |   4 |  542.2 |
               +--------+--------+--------+--------+--------+-----+--------+

Top non-repeatable levels by time:
     D:2: 1080 daAuts
     D:1: 623 daAuts
     D:3: 443 daAuts
     D:4: 22 daAuts
